AoeStats
← Godo Piquetero

Arabia

510126819Analyzed
1v1 RM · 3d ago on Sep 29, 2026· 43m 10s· 2 players
Game mode
Random Map
Map size
Tiny (2 player)
Population
200
Speed
Normal
Resources
Standard
Victory
Conquest
Starting age
Dark Age
Ending age
Imperial Age
RankedLock teamsTeams togetherTeam positionsShared explorationLock speedFull tech treeHidden civsTurbo modeCheats
Victory
Defeat
🇦🇷 Sicilians · Argentina
923
+15
🇬🇧 Bulgarians · United Kingdom
909
-15
officialtanzeel
5:28 Loom
11:05 Feudal Age
12:35 Double-Bit Axe
14:31 Wheelbarrow
15:09 Town Watch
15:24 Horse Collar
22:52 Castle Age
23:01 Forging
24:58 Bow Saw
24:48 Heavy Plow
24:42 Fletching
24:55 Gambesons
25:49 Bloodlines
25:41 Husbandry
27:39 Stone Mining
28:53 Bodkin Arrow
30:34 Thumb Ring
33:22 Padded Archer Armor
38:41 Imperial Age
36:54 Hand Cart
40:22 Conscription
41:48 Iron Casting
41:18 Scale Barding Armor
41:15 Bracer
41:30 Leather Archer Armor
41:24 Cavalier
41:29 Elite Konnik
42:30 Conscription
42:33 Cavalier
Godo Piquetero
3:48 Loom
11:26 Feudal Age
16:46 Double-Bit Axe
16:43 Horse Collar
19:06 Wheelbarrow
22:14 Castle Age
21:05 Gold Mining
21:23 Stone Mining
22:03 Scale Barding Armor
22:08 Forging
22:55 Heavy Plow
23:07 Bow Saw
28:52 Hand Cart
33:32 Gold Shaft Mining
33:33 Stone Shaft Mining
36:33 Imperial Age
37:57 Ballistics
38:38 Chemistry
37:49 Masonry
37:34 Murder Holes
38:51 Iron Casting
38:06 Fletching
38:17 Padded Archer Armor
39:19 Chain Barding Armor
39:59 Bodkin Arrow
41:05 Blast Furnace
39:46 Light Cavalry
40:28 Husbandry
40:23 Cavalier
41:48 Sanctity
41:28 Devotion
41:54 Illumination
41:24 Herbal Medicine
41:40 Fervor
42:08 Leather Archer Armor
41:54 Scale Mail Armor
43:23 Bracer
43:58 Plate Barding Armor
Connection lost

Rejoining the realm…

Still unreachable

The connection could not be restored.

Session expired

The server has moved on; the page needs a fresh start.